| TOP OF THE 1ST |
|
Daytona Beach Islanders batting - Pitching for Cocoa Flyers : RHP Marty Mason
|
|
Pitching: RHP Marty Mason
|
|
|
Batting: SHB Michael Frierson
|
0-0: Foul Ball, location: 2F 0-1: Swinging Strike 0-2: Strikes out swinging
|
|
Batting: RHB Juan Salinas
|
0-0: Ball 1-0: Ball 2-0: Ball 3-0: Called Strike 3-1: Ground out U3 (Groundball, 34, EV 108.8 MPH)
|
|
Batting: LHB Jim Eppard
|
0-0: Called Strike 0-1: Foul Ball, location: 2F 0-2: Ball 1-2: Ball 2-2: Foul Ball, location: 2F 2-2: Foul Ball, location: 2F 2-2: Foul Ball, location: 2F 2-2: Ball 3-2: SINGLE (Line Drive, 3D, EV 97.5 MPH)
|
|
Batting: RHB Gary Kempton
|
0-0: Called Strike 0-1: Ball 1-1: Swinging Strike 1-2: Ball 2-2: Strikes out swinging
|
| Top of the 1st over - 0 runs, 1 hit, 0 errors, 1 left on base; Daytona Beach 0 - Cocoa 0 |
| BOTTOM OF THE 1ST |
|
Cocoa Flyers batting - Pitching for Daytona Beach Islanders : LHP Richard Herendeen
|
|
Pitching: LHP Richard Herendeen
|
|
|
Batting: RHB Danny Arroyo
|
0-0: Ball 1-0: Ball 2-0: Fly out, F7 (Line Drive, 7D, EV 86.9 MPH)
|
|
Batting: RHB Lorenzo Quintanilla
|
0-0: SINGLE (Flyball, 89S, EV 96.3 MPH)
|
|
Batting: RHB Larry McNutt
|
0-0: Ground out U3 (Groundball, 13, EV 78.8 MPH) Lorenzo Quintanilla to second
|
|
Batting: SHB Rick Lockwood
|
0-0: Called Strike 0-1: Ball 1-1: Swinging Strike 1-2: Fly out, F4 (Popup, 3S, EV 71.3 MPH)
|
| Bottom of the 1st over - 0 runs, 1 hit, 0 errors, 1 left on base; Daytona Beach 0 - Cocoa 0 |
| TOP OF THE 2ND |
|
Daytona Beach Islanders batting - Pitching for Cocoa Flyers : RHP Marty Mason
|
|
Batting: LHB Philip Thomson
|
0-0: Swinging Strike 0-1: Called Strike 0-2: Ball 1-2: Ground out 6-3 (Groundball, 56D, EV 106.3 MPH)
|
|
Batting: RHB Jose Gonzalez
|
0-0: Foul Ball, location: 2F 0-1: Swinging Strike 0-2: Ball 1-2: Foul Ball, location: 2F 1-2: Fly out, F3 (Flyball, 34D, EV 83.8 MPH)
|
|
Batting: RHB Francisco Gonzalez
|
0-0: Ball 1-0: Ball 2-0: Ball 3-0: Called Strike 3-1: Foul Ball, location: 2F 3-2: DOUBLE (Line Drive, 89M, EV 87.5 MPH)
|
|
Batting: RHB Jeffrey Coker
|
0-0: Ball 1-0: Swinging Strike 1-1: Foul Ball, location: 2F 1-2: Hit by Pitch
|
|
Batting: RHB Robert Whitfield
|
0-0: Called Strike 0-1: Called Strike 0-2: Ball 1-2: Foul Ball, location: 2F 1-2: Foul Ball, location: 2F 1-2: Foul Ball, location: 2F 1-2: SINGLE (Line Drive, 8LS, EV 95.6 MPH) Francisco Gonzalez to third Jeffrey Coker to second Runner from 3rd tries for Home, SAFE, throw by CF to home
|
|
Batting: SHB Michael Frierson
|
0-0: Ball 1-0: Called Strike 1-1: Swinging Strike 1-2: Ball 2-2: SINGLE (Groundball, 6S, EV 65.0 MPH) (infield hit) Jeffrey Coker to third Robert Whitfield to second
|
|
Batting: RHB Juan Salinas
|
0-0: Called Strike 0-1: Fly out, F8 (Flyball, 8RD, EV 99.4 MPH)
|
| Top of the 2nd over - 1 run, 3 hits, 0 errors, 3 left on base; Daytona Beach 1 - Cocoa 0 |
| BOTTOM OF THE 2ND |
|
Cocoa Flyers batting - Pitching for Daytona Beach Islanders : LHP Richard Herendeen
|
|
Batting: LHB Gary Robertson
|
0-0: Ball 1-0: Ball 2-0: Called Strike 2-1: Fly out, F7 (Line Drive, 7, EV 86.9 MPH)
|
|
Batting: RHB Miguel Dominguez
|
0-0: Called Strike 0-1: Ball 1-1: Fly out, F8 (Flyball, 8LS, EV 88.8 MPH)
|
|
Batting: RHB Johnny Salery
|
0-0: Called Strike 0-1: Ball 1-1: Ball 2-1: Swinging Strike 2-2: Ground out 3-1 (Groundball, 34, EV 87.5 MPH)
|
| Bottom of the 2nd over - 0 runs, 0 hits, 0 errors, 0 left on base; Daytona Beach 1 - Cocoa 0 |
| TOP OF THE 3RD |
|
Daytona Beach Islanders batting - Pitching for Cocoa Flyers : RHP Marty Mason
|
|
Batting: LHB Jim Eppard
|
0-0: Called Strike 0-1: Ball 1-1: Ball 2-1: Foul Ball, location: 2F 2-2: Ball 3-2: Base on Balls
|
|
Batting: RHB Gary Kempton
|
0-0: Ball 1-0: Called Strike 1-1: Ball 2-1: Foul Ball, location: 2F 2-2: Fly out, F8 (Flyball, 78M, EV 93.1 MPH)
|
|
Batting: LHB Philip Thomson
|
0-0: Called Strike 0-1: Called Strike 0-2: Strikes out swinging
|
|
Batting: RHB Jose Gonzalez
|
0-0: Called Strike 0-1: Fly out, F8 (Line Drive, 8RD, EV 101.9 MPH)
|
| Top of the 3rd over - 0 runs, 0 hits, 0 errors, 1 left on base; Daytona Beach 1 - Cocoa 0 |
| BOTTOM OF THE 3RD |
|
Cocoa Flyers batting - Pitching for Daytona Beach Islanders : LHP Richard Herendeen
|
|
Batting: RHB Jorge Diaz
|
0-0: Called Strike 0-1: Ground out 4-3 (Groundball, 4, EV 82.5 MPH)
|
|
Batting: RHB David McClure
|
0-0: Called Strike 0-1: Ball 1-1: Fly out, F8 (Line Drive, 8LD, EV 106.3 MPH)
|
|
Batting: RHB Danny Arroyo
|
0-0: Ball 1-0: Ground out 4-3 (Groundball, 4, EV 101.3 MPH)
|
| Bottom of the 3rd over - 0 runs, 0 hits, 0 errors, 0 left on base; Daytona Beach 1 - Cocoa 0 |
| TOP OF THE 4TH |
|
Daytona Beach Islanders batting - Pitching for Cocoa Flyers : RHP Marty Mason
|
|
Batting: RHB Francisco Gonzalez
|
0-0: Ball 1-0: Foul Ball, location: 2F 1-1: Foul Ball, location: 2F 1-2: Ball 2-2: Ball 3-2: Foul Ball, location: 2F 3-2: SINGLE (Line Drive, 56D, EV 96.9 MPH)
|
|
Batting: RHB Jeffrey Coker
|
0-0: Called Strike 0-1: Grounds into double play, 6-4-3 (Groundball, 56, EV 108.8 MPH)
|
|
Batting: RHB Robert Whitfield
|
0-0: Ball 1-0: Foul Ball, location: 2F 1-1: Ball 2-1: Ground out 6-3 (Groundball, 6, EV 86.9 MPH)
|
| Top of the 4th over - 0 runs, 1 hit, 0 errors, 0 left on base; Daytona Beach 1 - Cocoa 0 |
| BOTTOM OF THE 4TH |
|
Cocoa Flyers batting - Pitching for Daytona Beach Islanders : LHP Richard Herendeen
|
|
Batting: RHB Lorenzo Quintanilla
|
0-0: Foul Ball, location: 2F 0-1: Foul Ball, location: 2F 0-2: Ball 1-2: SINGLE (Line Drive, 89S, EV 111.9 MPH)
|
|
Batting: RHB Larry McNutt
|
0-0: Ball 1-0: Called Strike 1-1: Fly out, F9 (Flyball, 89D, EV 100.6 MPH) Runner from 1st tags up, SAFE at 2nd
|
|
Batting: SHB Rick Lockwood
|
0-0: Fly out, F9 (Flyball, 9LM, EV 81.9 MPH) Runner from 2nd tags up, SAFE at 3rd, no throw by RF
|
|
Batting: LHB Gary Robertson
|
0-0: Ball 1-0: Called Strike 1-1: Foul Ball, location: 2F 1-2: Foul Ball, location: 2F 1-2: Ball 2-2: Ground out 3-1 (Groundball, 34, EV 85.6 MPH)
|
| Bottom of the 4th over - 0 runs, 1 hit, 0 errors, 1 left on base; Daytona Beach 1 - Cocoa 0 |
| TOP OF THE 5TH |
|
Daytona Beach Islanders batting - Pitching for Cocoa Flyers : RHP Marty Mason
|
|
Pitching: RHP Curtis Reade
|
|
|
Batting: SHB Michael Frierson
|
0-0: Swinging Strike 0-1: Ball 1-1: Foul Ball, location: 2F 1-2: Foul Ball, location: 2F 1-2: Foul Ball, location: 2F 1-2: Ball 2-2: Foul Ball, location: 2F 2-2: Foul Ball, location: 2F 2-2: Ball 3-2: SINGLE (Line Drive, 3D, EV 106.3 MPH)
|
|
Batting: RHB Juan Salinas
|
0-0: Reached on error, E1 (Groundball, 13S, EV 43.8 MPH) Michael Frierson to second
|
|
Batting: LHB Jim Eppard
|
0-0: Grounds into double play, 5-4-3 (Groundball, 56, EV 91.3 MPH) Michael Frierson to third
|
|
Batting: RHB Gary Kempton
|
0-0: Swinging Strike 0-1: Called Strike 0-2: Strikes out swinging
|
| Top of the 5th over - 0 runs, 1 hit, 1 error, 1 left on base; Daytona Beach 1 - Cocoa 0 |
| BOTTOM OF THE 5TH |
|
Cocoa Flyers batting - Pitching for Daytona Beach Islanders : LHP Richard Herendeen
|
|
Batting: RHB Miguel Dominguez
|
0-0: Foul Ball, location: 2F 0-1: Ground out 5-3 (Groundball, 5, EV 83.8 MPH)
|
|
Batting: RHB Johnny Salery
|
0-0: Swinging Strike 0-1: Ball 1-1: Called Strike 1-2: Ball 2-2: Strikes out swinging
|
|
Batting: RHB Jorge Diaz
|
0-0: Fly out, F6 (Line Drive, 6, EV 63.1 MPH)
|
| Bottom of the 5th over - 0 runs, 0 hits, 0 errors, 0 left on base; Daytona Beach 1 - Cocoa 0 |
| TOP OF THE 6TH |
|
Daytona Beach Islanders batting - Pitching for Cocoa Flyers : RHP Curtis Reade
|
|
Batting: LHB Philip Thomson
|
0-0: Ball 1-0: Ball 2-0: Fly out, F8 (Flyball, 8RS, EV 80.0 MPH)
|
|
Batting: RHB Jose Gonzalez
|
0-0: Ball 1-0: Ball 2-0: Ball 3-0: Base on Balls
|
|
Batting: RHB Francisco Gonzalez
|
0-0: Called Strike 0-1: Foul Ball, location: 2F 0-2: Ball Passed Ball! Jose Gonzalez to second 1-2: Foul Ball, location: 2F 1-2: Strikes out looking
|
|
Batting: RHB Jeffrey Coker
|
0-0: Foul Ball, location: 2F 0-1: SINGLE (Line Drive, 6MD, EV 101.9 MPH) Jose Gonzalez to third Runner from 3rd tries for Home, SAFE, throw by CF to home
|
|
Batting: RHB Robert Whitfield
|
0-0: Called Strike 0-1: Foul Ball, location: 2F 0-2: Ball 1-2: Foul Ball, location: 2F 1-2: Fly out, F9 (Flyball, 89D, EV 103.1 MPH)
|
| Top of the 6th over - 1 run, 1 hit, 0 errors, 1 left on base; Daytona Beach 2 - Cocoa 0 |
| BOTTOM OF THE 6TH |
|
Cocoa Flyers batting - Pitching for Daytona Beach Islanders : LHP Richard Herendeen
|
|
Batting: RHB David McClure
|
0-0: Called Strike 0-1: Swinging Strike 0-2: Strikes out swinging
|
|
Batting: RHB Danny Arroyo
|
0-0: Called Strike 0-1: Ball 1-1: Ball 2-1: Ball 3-1: Base on Balls
|
|
Batting: RHB Lorenzo Quintanilla
|
0-0: Ball Danny Arroyo steals 2nd base 1-0: Called Strike 1-1: Ball 2-1: Foul Ball, location: 2F 2-2: Fly out, F8 (Flyball, 8LS, EV 81.9 MPH)
|
|
Batting: RHB Larry McNutt
|
0-0: Ball 1-0: Swinging Strike 1-1: Foul Ball, location: 2F 1-2: Ball 2-2: Ball 3-2: Base on Balls
|
|
Batting: SHB Rick Lockwood
|
0-0: Ball 1-0: Called Strike 1-1: Foul Ball, location: 2F 1-2: Foul Ball, location: 2F 1-2: SINGLE (Groundball, 4S, EV 75.0 MPH) (infield hit) Danny Arroyo to third Larry McNutt to second
|
|
Batting: LHB Gary Robertson
|
0-0: Called Strike 0-1: Foul Ball, location: 2F 0-2: Foul Ball, location: 2F 0-2: Ball 1-2: Ball 2-2: Ball 3-2: SINGLE (Groundball, 34D, EV 94.4 MPH) Danny Arroyo scores Larry McNutt to third Rick Lockwood to second Larry McNutt scores Rick Lockwood to third
|
|
Batting: RHB Miguel Dominguez
|
0-0: Ball 1-0: Fielders Choice at 2nd, 6-4 (Groundball, 6, EV 85.6 MPH)
|
| Bottom of the 6th over - 2 runs, 2 hits, 0 errors, 2 left on base; Daytona Beach 2 - Cocoa 2 |
| TOP OF THE 7TH |
|
Daytona Beach Islanders batting - Pitching for Cocoa Flyers : RHP Curtis Reade
|
|
Batting: SHB Michael Frierson
|
0-0: Called Strike 0-1: Ball 1-1: Reached on error, E3 (Groundball, 34S, EV 87.5 MPH)
|
|
Pitching: RHP Timothy Zeuch
|
|
|
Batting: RHB Juan Salinas
|
0-0: Ball Michael Frierson steals 2nd base 1-0: Ground out 5-3 (Groundball, 5, EV 93.1 MPH)
|
|
Batting: LHB Jim Eppard
|
0-0: Intentional Walk
|
|
Batting: RHB Gary Kempton
|
0-0: Ball 1-0: Called Strike 1-1: Foul Ball, location: 2F 1-2: Fly out, F7 (Flyball, 7LM, EV 86.9 MPH)
|
|
Batting: LHB Philip Thomson
|
0-0: Ball 1-0: Foul Ball, location: 2F 1-1: Foul Ball, location: 2F 1-2: Ball 2-2: Foul Ball, location: 2F 2-2: Foul Ball, location: 2F 2-2: Fly out, F8 (Flyball, 8RS, EV 95.6 MPH)
|
| Top of the 7th over - 0 runs, 0 hits, 1 error, 2 left on base; Daytona Beach 2 - Cocoa 2 |
| BOTTOM OF THE 7TH |
|
Cocoa Flyers batting - Pitching for Daytona Beach Islanders : LHP Richard Herendeen
|
|
Batting: RHB Johnny Salery
|
0-0: Called Strike 0-1: Ball 1-1: Ground out 1-3 (Groundball, 15S, EV 76.9 MPH)
|
|
Batting: RHB Jorge Diaz
|
0-0: Foul Ball, location: 2F 0-1: Ball 1-1: Fly out, F7 (Flyball, 7LD, EV 103.1 MPH)
|
|
Batting: RHB David McClure
|
0-0: Swinging Strike 0-1: Fly out, F8 (Flyball, 8RS, EV 93.1 MPH)
|
| Bottom of the 7th over - 0 runs, 0 hits, 0 errors, 0 left on base; Daytona Beach 2 - Cocoa 2 |
| TOP OF THE 8TH |
|
Daytona Beach Islanders batting - Pitching for Cocoa Flyers : RHP Timothy Zeuch
|
|
Batting: RHB Jose Gonzalez
|
0-0: Ball 1-0: Called Strike 1-1: Ball 2-1: Ball 3-1: Fly out, F7 (Flyball, 78D, EV 103.8 MPH)
|
|
Batting: RHB Francisco Gonzalez
|
0-0: Called Strike 0-1: Ball 1-1: Ball 2-1: Ground out 4-3 (Groundball, 4, EV 78.8 MPH)
|
|
Batting: RHB Jeffrey Coker
|
0-0: Fly out, F8 (Flyball, 89M, EV 83.1 MPH)
|
| Top of the 8th over - 0 runs, 0 hits, 0 errors, 0 left on base; Daytona Beach 2 - Cocoa 2 |
| BOTTOM OF THE 8TH |
|
Cocoa Flyers batting - Pitching for Daytona Beach Islanders : LHP Richard Herendeen
|
|
Batting: RHB Danny Arroyo
|
0-0: Ball 1-0: Called Strike 1-1: Ball 2-1: Foul Ball, location: 2F 2-2: Ball 3-2: Base on Balls
|
|
Batting: RHB Lorenzo Quintanilla
|
0-0: Ball 1-0: Sac Bunt to 25 - play at first, batter OUT! 5-4 Danny Arroyo to second
|
|
Batting: RHB Larry McNutt
|
0-0: Intentional Walk
|
|
Batting: SHB Rick Lockwood
|
0-0: Ball 1-0: Ball Danny Arroyo steals 3rd base Larry McNutt to second 2-0: Intentional Walk
|
|
Batting: LHB Gary Robertson
|
0-0: Ball 1-0: Ball 2-0: Swinging Strike 2-1: Ball 3-1: Called Strike 3-2: Strikes out swinging
|
|
Batting: RHB Miguel Dominguez
|
0-0: SINGLE (Flyball, 4MD, EV 83.8 MPH) Danny Arroyo scores Larry McNutt to third Rick Lockwood to second Runner from 3rd tries for Home, SAFE, throw by CF to home
|
|
Batting: RHB Johnny Salery
|
0-0: SINGLE (Flyball, 8RS, EV 86.9 MPH) Rick Lockwood to third Miguel Dominguez to second Runner from 3rd tries for Home, SAFE, throw by CF to home
|
|
Pitching: RHP Michael Rostas
|
|
|
Batting: RHB Jorge Diaz
|
0-0: Ball 1-0: Called Strike 1-1: Ball 2-1: Ball 3-1: Foul Ball, location: 2F 3-2: Ground out 5-3 (Groundball, 56S, EV 80.6 MPH)
|
| Bottom of the 8th over - 3 runs, 2 hits, 0 errors, 2 left on base; Daytona Beach 2 - Cocoa 5 |
| TOP OF THE 9TH |
|
Daytona Beach Islanders batting - Pitching for Cocoa Flyers : RHP Timothy Zeuch
|
|
Pitching: RHP Jeffery Vail
|
|
|
Batting: RHB Robert Whitfield
|
0-0: SOLO HOME RUN (Flyball, 78XD, EV 102.5 MPH) (Inside the Park)
|
|
Batting: SHB Michael Frierson
|
0-0: Called Strike 0-1: Ball 1-1: Ball 2-1: Swinging Strike 2-2: Strikes out swinging
|
|
Batting: RHB Juan Salinas
|
0-0: Ground out 4-3 (Groundball, 4, EV 76.9 MPH)
|
|
Batting: LHB Jim Eppard
|
0-0: Ball 1-0: Ball 2-0: Foul Ball, location: 2F 2-1: Foul Ball, location: 2F 2-2: Foul Ball, location: 2F 2-2: Ball 3-2: Base on Balls
|
|
Batting: RHB Gary Kempton
|
0-0: Ground out 5-3 (Groundball, 56, EV 85.6 MPH)
|
| Top of the 9th over - 1 run, 1 hit, 0 errors, 1 left on base; Daytona Beach 3 - Cocoa 5 |
|